Map: Odyssée EC

Players

Ramolito

  • Race: Terran Terran
  • Spawn Location: 5:00

MoOkaShade - Winner!

  • Race: Zerg Zerg
  • Spawn Location: 11:00

VOD

Have the link to the VOD?

Description

Time

  • Played on: Nov. 19, 2017, 2:45 p.m.
  • Length: 13:07
Show
View Real Time Build Order
Export as new Build Order

Ramolito Terran 

Build Orders: Reaper Expand, MMM Bio 

Get SALT Encoding   

  12  0:00  SCV  
  13  0:12  SCV  
  14  0:17  Supply Depot  
  14  0:25  SCV  
  15  0:39  Barracks, SCV  
  16  0:49  Refinery  
  16  0:51  SCV  
  17  1:03  SCV  
  18  1:15  SCV  
  19  1:28  Orbital Command  
  19  1:35  Reaper  
  20  1:43  Command Center  
  21  1:54  SCV  
  21  1:58  Barracks  
  21  2:04  Supply Depot  
  21  2:07  SCV  
  22  2:11  Barracks Reactor  
  22  2:17  Refinery  
  22  2:19  SCV  
  23  2:31  Factory  
  23  2:32  SCV  
  24  2:46  SCV  
  24  2:47  Marine, Barracks Tech Lab  
  24  2:48  Marine  
  27  2:54  Orbital Command  
  27  2:58  SCV  
  28  3:05  Marine x2  
  28  3:10  SCV  
  31  3:13  Marine  
  31  3:15  Stimpack  
  31  3:18  Starport  
  32  3:22  SCV  
  33  3:28  Factory Reactor, Marine x2  
  33  3:30  SCV  
  35  3:36  SCV  
  35  3:39  Marine  
  37  3:42  SCV  
  37  3:45  Marine  
  37  3:48  Supply Depot, SCV  
  39  3:50  Marine  
  39  3:54  SCV  
  42  4:00  SCV  
  42  4:08  SCV, Marine x3  
  44  4:12  SCV  
  45  4:18  Factory Reactor  
  45  4:19  Medivac x2  
  45  4:23  Supply Depot  
  49  4:25  SCV  
  49  4:27  Marine  
  49  4:29  SCV  
  49  4:30  Marine  
  53  4:33  Marine  
  54  4:43  Supply Depot  
  54  4:45  SCV x2, Marine  
  56  4:46  Supply Depot  
  56  4:52  Marine x2  
  59  4:57  SCV x2  
  61  5:05  Hellion x2, Marine  
  66  5:09  SCV  
  66  5:10  Marine x2  
  66  5:11  Supply Depot  
  69  5:16  Supply Depot  
  69  5:17  Medivac x2  
  73  5:23  Marine  
  73  5:26  Hellion  
  76  5:29  Marine x2  
  76  5:33  Supply Depot, Hellion  
  76  5:34  Supply Depot  
  80  5:47  Marine x2  
  80  5:48  SCV x2  
  81  5:54  Marine  
  82  5:59  Engineering Bay  
  82  6:00  Engineering Bay  
  82  6:04  Command Center, Factory Reactor  
  82  6:05  Combat Shields, Starport Reactor  
  82  6:07  SCV x2  
  82  6:08  Marine  
  82  6:09  Marine  
  86  6:16  Marine  
  87  6:19  SCV  
  87  6:24  SCV  
  89  6:26  Marine x2  
  91  6:38  Marine  
  80  6:41  Terran Infantry Armor Level 1, Terran Infantry Weapons Level 1  
  80  6:43  Barracks, SCV  
  80  6:44  SCV, Marine  
  80  6:45  Barracks  
  80  6:46  Barracks  
  79  6:52  Marine  
  79  6:53  Widow Mine x2  
  81  6:56  SCV x2  
  83  7:06  Medivac x2, Marine x2  
  83  7:08  SCV x2  
  87  7:10  Refinery  
  87  7:13  Refinery  
  85  7:20  SCV x2  
  85  7:22  Marine  
  88  7:23  Widow Mine x2, Marine  
  93  7:39  Marine x2  
  95  7:46  Marine x2  
  86  7:54  Marine x2  
  86  7:55  Widow Mine x2, Marine  
  86  7:56  Barracks Reactor  
  89  8:05  Marine x4  
  90  8:10  Armory  
  90  8:11  SCV  
  93  8:13  Marauder, Barracks  
  93  8:14  Barracks  
  93  8:16  Barracks  
  89  8:27  SCV x2  
  91  8:34  Marauder, Marine x5  
  91  8:39  SCV x2  
  100  8:43  Planetary Fortress  
  100  8:51  SCV x2  
  102  9:03  SCV x2  
  104  9:10  Barracks Tech Lab x2, Marine x3  
  104  9:11  Terran Infantry Armor Level 2, Terran Infantry Weapons Level 2, Barracks Tech Lab  
  104  9:15  Marine x2  
  104  9:16  SCV  
  110  9:18  Command Center  
  110  9:20  Widow Mine x2, Marine x2  
  116  9:31  Supply Depot x2  
  116  9:32  Supply Depot, Refinery x2  
  116  9:38  Marine x2  
  116  9:39  Marauder x3, Marine  
  125  9:52  Marine x4  
  130  9:53  Marauder  
  130  9:56  Marine  
  115  10:00  Marauder  
  115  10:01  Marine x2  
  115  10:02  Marauder, Marine x2  
  115  10:04  Medivac x2  
  126  10:14  Marauder, Marine  
  126  10:17  Marine x2  
  126  10:18  Widow Mine x2  
  126  10:21  Marauder x2  
  136  10:25  Marine x3  
  136  10:26  Marauder  
  143  10:33  Medivac  
  132  10:57  Marine x2  
  132  10:58  Marauder  
  134  11:19  Command Center  
  134  11:20  Command Center  
  134  11:26  Marine  
  89  11:51  Marine x2  
  89  11:52  Marine  
  92  12:13  Marauder x2, Marine x2  
  92  12:14  Orbital Command  
  98  12:21  Marine  
  98  12:22  Marauder  
  48  12:38  Marauder  
  48  12:39  Marine x2  
Show
View Real Time Build Order
Export as new Build Order

MoOkaShade Zerg - Winner!

Build Orders: Hatch First 

Get SALT Encoding   

  12  0:01  Drone  
  13  0:12  Overlord  
  13  0:19  Drone  
  14  0:31  Drone  
  14  0:32  Drone  
  16  0:36  Drone  
  17  0:54  Hatchery  
  16  0:57  Drone  
  16  0:59  Drone  
  16  1:03  Extractor  
  17  1:18  Spawning Pool, Drone  
  16  1:20  Drone  
  18  1:29  Drone  
  19  1:41  Overlord  
  19  2:05  Metabolic Boost  
  19  2:06  Queen x2  
  19  2:08  Zergling x4  
  25  2:11  Drone  
  25  2:13  Drone  
  27  2:20  Drone  
  28  2:23  Drone  
  29  2:30  Drone  
  30  2:39  Hatchery  
  29  2:46  Drone x2  
  29  2:47  Drone  
  32  2:53  Queen  
  34  3:00  Overlord  
  34  3:04  Drone x2  
  36  3:17  Overlord  
  36  3:28  Drone x7  
  43  3:39  Queen  
  45  3:44  Overlord x2, Drone  
  46  3:57  Drone x4  
  50  4:06  Drone x7  
  50  4:08  Queen  
  57  4:17  Evolution Chamber, Queen  
  57  4:18  Evolution Chamber  
  57  4:26  Overlord x2  
  57  4:27  Zergling x6  
  57  4:28  Zergling x4  
  62  4:37  Drone x3  
  65  4:43  Zerg Melee Weapons Level 1  
  65  4:44  Zerg Ground Armor Level 1  
  65  4:45  Zergling x2  
  65  4:46  Zergling x6  
  69  4:56  Queen  
  69  4:58  Overlord  
  69  4:59  Overlord  
  71  5:01  Zergling x8  
  71  5:02  Zergling x2  
  71  5:06  Zergling x4  
  71  5:07  Zergling x2  
  79  5:20  Zergling x6  
  82  5:25  Drone x5  
  82  5:28  Drone x3  
  90  5:29  Baneling Nest  
  89  5:39  Drone x5  
  89  5:42  Extractor x2  
  90  5:50  Drone x2  
  90  5:54  Hatchery  
  91  6:03  Overlord x2  
  91  6:04  Overlord  
  91  6:05  Drone x6  
  91  6:08  Extractor  
  91  6:09  Extractor  
  95  6:13  Hatchery  
  94  6:19  Zergling x6  
  94  6:39  Zergling x22  
  92  6:40  Zergling x4  
  92  6:44  Zergling x6  
  82  6:57  Zergling x6  
  77  7:08  Zergling x2  
  77  7:09  Zergling x18  
  77  7:10  Queen x4  
  77  7:15  Drone  
  95  7:24  Zergling x2  
  95  7:25  Zergling x6  
  98  7:30  Baneling x9  
  98  7:33  Queen  
  98  7:35  Zergling x14  
  90  7:53  Drone x3  
  90  7:54  Drone x9  
  102  7:59  Lair  
  102  8:04  Drone x2  
  102  8:05  Drone x2  
  105  8:06  Drone x2  
  105  8:12  Baneling x8  
  108  8:13  Baneling  
  95  8:32  Zergling x12  
  95  8:33  Zergling x24  
  108  8:41  Overlord x2  
  108  8:42  Queen x2  
  112  8:52  Zergling x2  
  112  8:53  Zergling x14  
  120  8:57  Extractor  
  120  8:59  Spine Crawler  
  120  9:00  Spine Crawler, Zergling x10  
  120  9:02  Queen  
  124  9:05  Zerg Melee Weapons Level 2, Centrifical Hooks, Zerg Ground Armor Level 2  
  124  9:06  Hydralisk Den  
  123  9:11  Zergling x2  
  123  9:12  Zergling x22  
  135  9:19  Zergling x6  
  135  9:23  Zergling x2  
  135  9:24  Zergling x8  
  142  9:27  Baneling  
  142  9:28  Baneling x10  
  142  9:30  Overseer  
  143  9:36  Zergling x2  
  143  9:37  Zergling x10  
  149  9:40  Overlord x3  
  149  9:45  Baneling  
  149  9:46  Baneling x4  
  146  9:55  Infestation Pit  
  135  10:00  Zergling x2  
  135  10:01  Zergling x28  
  135  10:02  Zergling x2  
  149  10:27  Muscular Augments  
  149  10:29  Drone x7  
  149  10:30  Drone x4  
  149  10:32  Hatchery  
  150  10:48  Zergling x2  
  150  10:49  Zergling x36  
  156  10:59  Hydralisk x5  
  155  11:05  Zergling x14  
  155  11:08  Baneling x7  
  155  11:10  Baneling x4  
  162  11:11  Baneling  
  162  11:12  Baneling  
  162  11:18  Baneling  
  162  11:19  Baneling x14  
  162  11:20  Baneling  
  156  11:34  Zergling x2  
  156  11:35  Zergling x20  
  156  11:37  Zergling x14  
  156  11:38  Zergling x2  
  148  11:43  Hydralisk x3  
  148  11:46  Hydralisk  
  155  11:53  Hive  
  155  12:04  Extractor  
  155  12:05  Extractor  
  153  12:11  Hydralisk  
  153  12:12  Hydralisk x8  
  171  12:17  Baneling  
  171  12:18  Baneling x12  
  160  12:32  Zergling x16  
  160  12:33  Zergling x10  
  160  12:34  Zergling x2  
  160  12:35  Zergling x2  
  169  12:39  Zergling x8  
Tags
 
Composition
MMM Bio
Matchup
TvZ
Spawn Locations
Cross Positions
Add a new tag
Caveats
  • Supply blocks, unpowered buildings, or Contaminate may cause inaccurate times.
  • Supply counts are checked every 10 seconds.